 Dungeon Crawl Stone Soup version 0.29.0-4-gdea44cf6ec (webtiles) character file.

Game seed: 13762863203220153881

35 qw the Sneak (level 3, -1/23 HPs)
             Began as a Gargoyle Delver on Sept 10, 2022.
             Slain by Ijyb
             ... wielding a +0 club
              (3 damage)
             ... on level 3 of the Dungeon.
             The game lasted 00:00:07 (344 turns).

qw the Sneak (Gargoyle Delver)                       Turns: 344, Time: 00:00:08

Health: -1/23      AC:  6    Str: 17    XL:     3   Next: 33%
Magic:  3/3        EV: 11    Int: 10    God:
Gold:   109        SH:  0    Dex: 11    Spells: 2/2 levels left

rFire   . . .      SeeInvis .   c - +0 war axe
rCold   . . .      Faith    .   (no shield)
rNeg    + . .      Spirit   .   b - +0 leather armour
rPois   inf        Reflect  .   (no helmet)
rElec   +          Harm     .   (no cloak)
rCorr   .          Rampage  .   (no gloves)
Will    .....                   (no boots)
Stlth   +++.......              (no amulet)
HPRegen 0.07/turn               (no ring)
MPRegen 0.08/turn               (no ring)

@: no status effects
A: sickness immunity, AC +3, negative energy resistance 1, electricity
resistance, torment resistance 1, petrification resistance
a: no special abilities


You were on level 3 of the Dungeon.
You visited 1 branch of the dungeon, and saw 3 of its levels.

You collected 109 gold pieces.


Innate Abilities, Weirdness & Mutations

You are immune to sickness and miasma.
Your stone body is resilient. (AC +3)
You are immune to poison.
You resist negative energy. (rN+)
You are resistant to electric shocks. (rElec)
You are resistant to unholy torment.
You are immune to petrification.


   Skills:
 - Level 3.2 Fighting
 + Level 3.3 Axes
 - Level 1.5 Dodging
 - Level 5.4 Stealth


You had 2 spell levels left.
You didn't know any spells.
Your spell library was empty.

Inventory:

Hand Weapons
 c - a +0 war axe (weapon)
Armour
 b - a +0 leather armour (worn)
Wands
 g - a wand of digging (3)
Scrolls
 a - a scroll of teleportation {unknown}
Potions
 f - a potion of haste

Dungeon Overview and Level Annotations

Branches:
Dungeon (5/15)
 Temple: D:4-7

Altars:

Annotations:
D:3 Ijyb


Message History

You closely miss Ijyb. You punch Ijyb.
Ijyb is lightly wounded.
Ijyb closely misses you. Ijyb hits you but does no damage.
You closely miss Ijyb.
Ijyb is lightly wounded.
Ijyb hits you with a +0 club.
You closely miss Ijyb.
Ijyb is lightly wounded.
Ijyb hits you with a +0 club.
You slash Ijyb!
Ijyb is severely wounded.
Ijyb hits you but does no damage. x2
You miss Ijyb.
Ijyb is severely wounded.
Ijyb hits you with a +0 club.
You hit Ijyb.
Ijyb is almost dead.
Ijyb hits you but does no damage.
You hit Ijyb but do no damage.
Ijyb is almost dead.
Ijyb drinks a potion.
Ijyb is healed!
You barely miss Ijyb.
Ijyb is heavily wounded.
Ijyb barely misses you. x2
You barely miss Ijyb.
Ijyb is heavily wounded.
Ijyb barely misses you.
You closely miss Ijyb.
Ijyb is heavily wounded.
Ijyb misses you.
You hit Ijyb.
Ijyb is severely wounded.
Ijyb barely misses you. Ijyb hits you with a +0 club.
You closely miss Ijyb.
Ijyb is severely wounded.
Ijyb barely misses you.
You hit Ijyb but do no damage.
Ijyb is severely wounded.
Ijyb hits you with a +0 club.
You die...

#.# ..##
######...####
#........... .
#.........# ..
#.........#..#
###...g........
.......@....#
.........$..#
........>####
......##.#
...... #.#
...... ..#
..... <.. .....
...# .... ...#


You could see Ijyb.

Vanquished Creatures
  A hound (D:4)
  An orc (D:4)
  A hobgoblin (D:4)
3 creatures vanquished.

Vanquished Creatures (others)
  2 fungi (D:4)
  4 toadstools (D:4)
6 creatures vanquished.

Grand Total: 9 creatures vanquished

Notes
Turn   | Place    | Note
-------+----------+-------------------------------------------
     0 | D:5      | qw the Gargoyle Delver began the quest for the Orb.
     0 | D:5      | Reached XP level 1. HP: 14/14 MP: 1/1
     0 | D:5      | 0 ||| qw: Version: 0.1-a-116-g5d60599
     0 | D:5      | 0 ||| qw: Game counter: 8459
     0 | D:5      | 0 ||| qw: Always use a shield: true
     0 | D:5      | 0 ||| qw: God list: Okawaru
     0 | D:5      | 0 ||| qw: Allow faded altars: false
     0 | D:5      | 0 ||| qw: Do Orc after D:15 true
     0 | D:5      | 0 ||| qw: Do second Lair branch before Depths: true
     0 | D:5      | 0 ||| qw: Lair rune preference: random
     0 | D:5      | 0 ||| qw: Plans: Normal
     0 | D:5      | 0 ||| PLANNING D:1-11
    14 | D:5      | 14 ||| DROPPING scroll of fog.
    15 | D:5      | 15 ||| DROPPING scroll of magic mapping.
    16 | D:5      | 16 ||| DROPPING scroll of fear.
    46 | D:4      | Noticed a hound
    47 | D:4      | 47 ||| Stepping ~*~*~tactically~*~*~ (stealth).
    48 | D:4      | 48 ||| Stepping ~*~*~tactically~*~*~ (stealth).
    61 | D:4      | Killed a hound
    62 | D:4      | Reached skill level 3 in Axes
    62 | D:4      | Reached XP level 2. HP: 7/19 MP: 2/2
    62 | D:4      | Reached XP level 3. HP: 9/23 MP: 3/3
   304 | D:4      | 304 ||| SWAPPING to +0 war axe.
   305 | D:4      | 305 ||| DROPPING +0 hand axe.
   316 | D:3      | Noticed Ijyb
   336 | D:3      | HP: 3/23 [Ijyb/+0 club (5)]
   342 | D:3      | HP: 2/23 [Ijyb/+0 club (2)]
   344 | D:3      | Slain by Ijyb

Levels and vault maps discovered:
D:3:      layout_rooms, nicolae_concentric_dashed_squares_mild, minmay_vboxes,
          uniq_ijyb
D:4:      layout_rooms, minmay_gold_behind_fungi, uniq_sigmund, uniq_robin,
          uniq_grinder, uniq_eustachio
D:5:      layout_layer_cave, kiku_gazebo_garden_becter,
          minmay_temple_entry_crystal_x, uniq_pikel

Skill      XL: |  1 |
---------------+----+-----
Axes           | 3 |  3.3
Fighting       | |  3.2
Dodging        | |  1.5
Stealth        | |  5.4

Action                   || total
-------------------------++-------
Melee: Hand axe          ||    20
       War axe           ||    26
       Punch             ||     1
 Stab: Sleeping          ||     1
Armor: Leather armour    ||    15
Dodge: Dodged            ||    30

Table legend:
 A = Non-vault XP
 B = Vault XP
 C = Vault XP percentage of total XP
 D = Non-vault monster count
 E = Vault monster count
 F = Vault count percentage of total count
                 A         B        C        D         E       F
            +---------+---------+-------+---------+---------+-------
      Total |      50 |       0 |   0.0 |       3 |       0 |   0.0
            +---------+---------+-------+---------+---------+-------
        D:4 |      50 |       0 |   0.0 |       3 |       0 |   0.0
            +---------+---------+-------+---------+---------+-------
